 Dungeon Crawl Stone Soup version 0.23-a0-14-g8c9a20f (webtiles) character file.

4342 Loudmushroom the Cleaver (level 10, -17/132 (135) HPs)
             Began as a Minotaur Berserker on Aug 2, 2018.
             Was a High Priest of Trog.
             Demolished by a two-headed ogre
             ... wielding a +0 giant club
              (24 damage)
             ... on level 8 of the Dungeon.
             The game lasted 00:51:37 (8943 turns).

Loudmushroom the Cleaver (Minotaur Berserker)       Turns: 8943, Time: 00:51:38

HP:   -17/132 (135) AC:  1    Str: 27    XL:     10   Next: 12%
MP:   9/9           EV: 16    Int:  4    God:    Trog [*****.]
Gold: 509           SH:  0    Dex: 13    Spells: 9/9 levels left

rFire    . . .     SeeInvis +   a - +0 war axe
rCold    . . .     Gourm    .   (no shield)
rNeg     . . .     Faith    .   (no armour)
rPois    .         Spirit   .   (helmet restricted)
rElec    .         Reflect  .   w - scarf {repulsion}
rCorr    .         Harm     .   m - +0 pair of gloves
MR       .....                  (no boots)
Stlth    ..........             (no amulet)
HPRegen  0.32/turn              F - ring of see invisible
MPRegen  0.11/turn              (no ring)

@: berserking, repel missiles, very quick
A: retaliatory headbutt, horns 2
a: Berserk, Trog's Hand, Brothers in Arms, Renounce Religion


You were on level 8 of the Dungeon.
You worshipped Trog.
Trog was extremely pleased with you.
You were very hungry.

You visited 1 branch of the dungeon, and saw 8 of its levels.
You also visited: Sewer.

You collected 509 gold pieces.

Inventory:

Hand Weapons
 a - a +0 war axe (weapon)
 b - a +5 hunting sling
 s - a +0 blowgun
 v - a +0 morningstar
 L - a +1 scimitar of flaming
Missiles
 f - 3 javelins (quivered)
 j - 307 stones
 r - 57 bolts
 t - 107 arrows
 C - 44 sling bullets
 E - 10 tomahawks
 H - 25 poisoned needles
Armour
 m - a +0 pair of gloves (worn)
 o - a +1 pair of gloves
 p - a +0 chain mail of poison resistance
 w - a scarf of repulsion (worn)
 N - a +1 leather armour of fire resistance
Jewellery
 F - a ring of see invisible (left hand)
 G - an uncursed ring of magical power
Wands
 y - a wand of disintegration (16)
 D - a wand of iceblast (11)
Scrolls
 d - a scroll of identify
 i - 3 scrolls of remove curse
 l - 2 scrolls of enchant armour
 n - 2 scrolls of fear
 B - 4 scrolls of teleportation
Potions
 e - 6 potions of haste
 g - 4 potions of curing
 h - a potion of lignification {unknown}
 u - 6 potions of heal wounds {unknown}
 x - 2 potions of ambrosia
 z - a potion of agility {unknown}
 A - a potion of might {unknown}
 I - a potion of mutation
 J - 3 potions of flight {unknown}
Comestibles
 c - 12 rations


   Skills:
 + Level 8.7 Fighting
 * Level 11.5 Axes
 + Level 8.3 Armour
 + Level 7.5 Dodging


You had 9 spell levels left.
You didn't know any spells.
Your spell library contained the following spells:

 Spells                   Type           Power        Failure   Level  Hunger
 Apportation              Tloc           #.....       50%         1    ##.....
 Lightning Bolt           Conj/Air       #.........   100%        5    ######.
 Summon Small Mammal      Summ           #...         50%         1    ##.....
 Animate Dead             Necr           N/A          99%         4    #####..
 Pain                     Necr           #...         50%         1    ##.....
 Animate Skeleton         Necr           N/A          50%         1    ##.....
 Vampiric Draining        Necr           #.........   86%         3    ####...
 Regeneration             Chrm/Necr      #.........   86%         3    ####...
 Shock                    Conj/Air       #...         50%         1    ##.....
 Swiftness                Chrm/Air       #.......     65%         2    ###....
 Spider Form              Tmut/Pois      #.........   86%         3    ####...
 Blade Hands              Tmut           #.........   100%        5    ######.
 Ice Form                 Ice/Tmut       #.......     99%         4    #####..
 Airstrike                Air            #.........   99%         4    #####..
 Confusing Touch          Hex            #.....       50%         1    ##.....
 Sticks to Snakes         Tmut           #.......     65%         2    ###....
 Static Discharge         Conj/Air       #.......     86%         3    ####...
 Beastly Appendage        Tmut           #.....       50%         1    ##.....


Dungeon Overview and Level Annotations

Branches:
Dungeon (8/15)             Temple (0/1) D:4
   Lair: D:8-11

Altars:
Ashenzari
Cheibriados
Elyvilon
Kikubaaqudgha
Ru
Trog
Yredelemnul
The Shining One


Innate Abilities, Weirdness & Mutations

You reflexively headbutt those who attack you in melee.
You have a pair of horns on your head.


Message History

You slash the two-headed ogre!
Your headbutt misses the two-headed ogre.
The two-headed ogre is heavily wounded.
The two-headed ogre hits you with a giant club!!
* * * LOW HITPOINT WARNING * * *
The two-headed ogre hits you with a giant spiked club!
* * * LOW HITPOINT WARNING * * *
You barely miss the two-headed ogre. You headbutt the two-headed ogre.
The two-headed ogre is heavily wounded.
You barely miss the two-headed ogre.
The two-headed ogre is heavily wounded.
The two-headed ogre completely misses you.
The two-headed ogre barely misses you.
You slice the two-headed ogre!!
The two-headed ogre is almost dead.
You barely miss the two-headed ogre.
Your headbutt misses the two-headed ogre.
The two-headed ogre is almost dead.
The two-headed ogre hits you with a giant club!!
You die...

...##................'...........
...##.........#########'####.....
..............##....###...##...##
...##..###....##......#...##...##
...##..#####'###......#...##...##
...##.........##.....##....†....+
####..........##.....##........##
#...##.....##.....##...#######
###'##.....##@....##...##...##
#...#........O..........#....'
#...#.........(.........#....#
####'###).#######...########..##
#....#######.####...##...###.[##
##...#.........#..(.......#...##
#...#......[..#..........#.....
#...#.........#....(.....#.....
#...'.........#..........#.....


You could see a two-headed ogre.

Vanquished Creatures
  Erica (D:8)
  Joseph (D:8)
  Grinder (D:4)
  A hippogriff (D:8)
  A hungry ghost (D:7)
  An orc warrior (D:6)
  2 sky beasts
  2 phantoms (D:5)
  5 ogres
  7 bullfrogs
  2 big kobolds
  A wyvern zombie (D:6)
  A scorpion (D:7)
  3 killer bees (D:7)
  A howler monkey (D:4)
  5 crimson imps
  2 jellies
  A centaur zombie (D:5)
  An orc priest (D:6)
  3 hounds
  A centaur skeleton (D:5)
  3 orc wizards
  Terence (D:3)
  2 iguanas (D:8)
  6 worker ants
  Robin (D:4)
  11 gnolls
  9 adders
  A shadow imp (D:5)
  12 oozes (Sewer)
  An adder skeleton (D:5)
  2 adder zombies
  2 worms (D:2)
  4 dart slugs (D:1)
  18 leopard geckos
  10 orcs
  13 bats
  8 giant cockroaches
  17 goblins
  8 hobgoblins
  9 jackals
  16 kobolds
  4 quokkas
  13 ball pythons
  23 frilled lizards
  A jackal skeleton (D:7)
  A leopard gecko skeleton (D:5)
  A quokka zombie (D:4)
  6 rats
246 creatures vanquished.

Vanquished Creatures (others)
  3 kobolds
3 creatures vanquished.

Grand Total: 249 creatures vanquished

Notes
Turn   | Place    | Note
-------+----------+-------------------------------------------
     0 | D:1      | Loudmushroom the Minotaur Berserker began the quest for the Orb.
     0 | D:1      | Reached XP level 1. HP: 19/19 MP: 0/0
   155 | D:1      | Reached skill level 4 in Axes
   155 | D:1      | Reached XP level 2. HP: 27/27 MP: 1/1
   751 | D:1      | Reached XP level 3. HP: 33/33 MP: 2/2
   865 | D:2      | Reached ** piety under Trog
  1613 | D:2      | Reached XP level 4. HP: 38/40 MP: 3/3
  1735 | D:2      | Noticed a bullfrog
  1744 | D:2      | Killed a bullfrog
  1744 | D:2      | Reached skill level 5 in Axes
  1744 | D:2      | Reached XP level 5. HP: 19/47 MP: 4/4
  2414 | D:3      | Noticed Terence
  2423 | D:3      | Killed Terence
  2426 | D:3      | Reached XP level 6. HP: 43/55 MP: 5/5
  2899 | D:3      | Found a sacrificial altar of Ru.
  2899 | D:3      | Found a faded altar of an unknown god.
  2924 | D:3      | Found a faded altar of an unknown god.
  2926 | D:3      | Found a white marble altar of Elyvilon.
  2928 | D:3      | Found a snail-covered altar of Cheibriados.
  3058 | D:4      | Found a staircase to the Ecumenical Temple.
  3070 | D:4      | Reached skill level 6 in Axes
  3130 | D:4      | Reached *** piety under Trog
  3130 | D:4      | Reached skill level 5 in Fighting
  3472 | D:4      | Noticed Grinder
  3478 | D:4      | Noticed Robin
  3490 | D:4      | Killed Robin
  3491 | D:4      | Paralysed by Grinder for 5 turns
  3501 | D:4      | Killed Grinder
  3501 | D:4      | Reached skill level 7 in Axes
  3501 | D:4      | Reached XP level 7. HP: 49/61 MP: 6/6
  3554 | D:4      | You fall through a shaft for 3 floors!
  3554 | D:7      | Found a glowing golden altar of the Shining One.
  3554 | D:7      | Noticed an angel
  3605 | D:7      | Reached skill level 5 in Armour
  3828 | D:6      | Found a glowing drain.
  3858 | Sewer    | Entered a sewer
  3948 | Sewer    | Reached **** piety under Trog
  4368 | Sewer    | Reached skill level 5 in Dodging
  4370 | Sewer    | Reached skill level 8 in Axes
  4370 | Sewer    | Reached XP level 8. HP: 66/70 MP: 7/7
  4840 | D:5      | Entered Level 5 of the Dungeon
  5690 | D:5      | Reached skill level 9 in Axes
  5776 | D:5      | Reached ***** piety under Trog
  6360 | D:5      | Received a gift from Trog
  6375 | D:6      | Reached XP level 9. HP: 54/79 MP: 8/8
  6743 | D:6      | Reached skill level 10 in Axes
  7248 | D:7      | Paralysed by fainting for 8 turns
  7298 | D:7      | Found a bloodstained altar of Trog.
  7312 | D:7      | Found an ancient bone altar of Kikubaaqudgha.
  7781 | D:7      | Found a basalt altar of Yredelemnul.
  7790 | D:7      | Noticed a profane servitor
  7959 | D:8      | Noticed Erica
  7970 | D:8      | Killed Erica
  7970 | D:8      | Reached skill level 11 in Axes
  8021 | D:8      | Found a shattered altar of Ashenzari.
  8105 | D:8      | Found a glowing golden altar of the Shining One.
  8108 | D:8      | Noticed Joseph
  8126 | D:8      | Killed Joseph
  8126 | D:8      | Reached XP level 10. HP: 78/88 MP: 9/9
  8766 | D:8      | Got a bloodstained leather armour
  8870 | D:8      | Identified the +3 leather armour of the City {Dex+5} (You took it off a kobold on level 8 of the Dungeon)
  8930 | D:8      | Noticed a two-headed ogre
  8939 | D:8      | HP: 6/132 [two-headed ogre/giant club (14)]
  8943 | D:8      | Demolished by a two-headed ogre

Vault maps used:
D:1:      minmay_arrival_four_circles
D:2:      kennysheep_potato
D:3:      chequers_temple_overflow_minitemple, kennysheep_small_spiral,
          kennysheep_generic_room_10, uniq_terence
D:4:      minmay_temple_entry_mist, first_ration, minmay_item_behind_shaft,
          uniq_grinder, uniq_robin
D:6:      portal_sewer_entry_f
D:7:      grunt_temple_overflow_holy_war, amethyst_overflow_temple_binary
D:8:      lemuel_crystal_altar, basic_altar, uniq_erica, uniq_joseph
Sewer:    sewer_frog_island_02

Skill      XL: |  1  2  3  4  5  6  7  8  9 |
---------------+----------------------------+-----
Axes           | 4 5 7 8 9 11 | 11.5
Fighting       | 4 5 6 7 8 |  8.7
Armour         | 3 4 5 6 8 |  8.3
Dodging        | 3 4 5 6 7 |  7.5

Action                   |  1- 3 |  4- 6 |  7- 9 | 10-12 || total
-------------------------+-------+-------+-------+-------++-------
Melee: Hand axe          |    84 |   107 |   369 |       ||   560
       Headbutt          |    13 |    16 |    67 |     6 ||   102
       War axe           |       |       |    59 |    37 ||    96
 Fire: Hunting sling     |       |       |       |     1 ||     1
Throw: Javelin           |       |     4 |    27 |     6 ||    37
Invok: Trog's Hand       |       |     1 |     3 |       ||     4
       Berserk           |       |       |     2 |     1 ||     3
  Use: Scroll            |       |       |    15 |     2 ||    17
  Eat: Chunk             |     2 |     6 |    17 |     3 ||    28
       Ration            |       |       |     1 |       ||     1
Armor: Animal skin       |    12 |     8 |       |       ||    20
       Chain mail        |       |    61 |   217 |    21 ||   299
Dodge: Dodged            |    42 |    83 |   230 |    21 ||   376
       Deflected         |       |       |     7 |     6 ||    13

Table legend:
 A = Spawn XP
 B = Non-spawn XP
 C = Spawn XP percentage of total XP
 D = Spawn monster count
 E = Non-spawn monster count
 F = Spawn count percentage of total count
 G = Total turns spent on level
                    A         B        C        D         E        F      G
               +---------+---------+-------+---------+---------+-------+---------
         Total |       0 |    6203 |   0.0 |       0 |     246 |   0.0 |  8943
               +---------+---------+-------+---------+---------+-------+---------
           D:1 |       0 |      42 |   0.0 |       0 |      20 |   0.0 |   819
           D:2 |       0 |     169 |   0.0 |       0 |      28 |   0.0 |  1180
           D:3 |       0 |     210 |   0.0 |       0 |      27 |   0.0 |  1030
           D:4 |       0 |     675 |   0.0 |       0 |      29 |   0.0 |  1186
           D:5 |       0 |     758 |   0.0 |       0 |      24 |   0.0 |   862
           D:6 |       0 |    1123 |   0.0 |       0 |      25 |   0.0 |  1188
           D:7 |       0 |     869 |   0.0 |       0 |      20 |   0.0 |   957
           D:8 |       0 |    2082 |   0.0 |       0 |      16 |   0.0 |  1038
         Sewer |       0 |     275 |   0.0 |       0 |      57 |   0.0 |   683
               +---------+---------+-------+---------+---------+-------+---------
